 Dungeon Crawl Stone Soup version 0.31-a0-236-g9a0961fb85 (webtiles) character file.

Game seed: 5861770636840962438

3908 qw the Skirmisher (level 10, -4/88 HPs)
             Began as a Minotaur Hexslinger on July 10, 2023.
             Was an Initiate of Okawaru.
             Killed from afar by an acid dragon (33 damage)
             ... with a splash of acid
             ... on level 9 of the Dungeon.
             The game lasted 00:03:15 (8236 turns).

qw the Skirmisher (Minotaur Hexslinger)             Turns: 8236, Time: 00:03:15

Health: -4/88      AC:  0    Str: 12    XL:     10   Next: 1%
Magic:  10/10      EV: 20    Int: 10    God:    Okawaru [......]
Gold:   220        SH:  0    Dex: 18    Spells: 10/11 levels left

rFire   . . .        g - +1 arbalest (drain)
rCold   . . .        (shield currently unavailable)
rNeg    . . .        p - +2 leather armour {Will+}
rPois   .            h - +2 hat {Will+}
rElec   .            (no cloak)
rCorr   .            a - +0 pair of gloves
SInv    .            (no boots)
Will    +++..        (no amulet)
Stlth   +            k - +5 ring of evasion
HPRegen 0.34/turn    j - ring of willpower
MPRegen 0.12/turn

%: no passive effects
@: about to teleport, corroded
A: horns 2, retaliatory headbutt
a: Renounce Religion


You were on level 9 of the Dungeon.
You worshipped Okawaru.
Okawaru was noncommittal.
You visited 2 branches of the dungeon, and saw 10 of its levels.

You collected 441 gold pieces.
You spent 221 gold pieces at shops.


Innate Abilities, Weirdness & Mutations

You have a pair of horns on your head.
You reflexively headbutt those who attack you in melee.


   Skills:
 - Level 8.0 Fighting
 + Level 12.6 Ranged Weapons
 - Level 2.0 Armour
 - Level 6.1 Dodging
 - Level 1.0 Spellcasting
 - Level 2.0 Hexes
 - Level 0.5 Invocations


You had 10 spell levels left.
You knew the following spells:

 Your Spells              Type           Power      Damage    Failure   Level
a - Slow                  Hex            16%        N/A       19%         1

Your spell library contained the following spells:

 Spells                   Type           Power      Damage    Failure   Level
 Inner Flame              Hex/Fire       2%         N/A       65%         3
 Portal Projectile        Hex/Tloc       4%         N/A       65%         3
 Cause Fear               Hex            2%         N/A       88%         4

Inventory:

Hand Weapons
 g - a +1 arbalest of draining (weapon)
Armour
 a - a +0 pair of gloves (worn)
 h - a +2 hat of willpower (worn)
 p - a +2 leather armour of willpower (worn)
Jewellery
 j - a ring of willpower (right hand)
 k - a +5 ring of evasion (left hand)
 q - a ring of fire
Scrolls
 c - a scroll of teleportation
 f - a scroll of identify
Potions
 b - 4 potions of curing
 l - a potion of haste
 n - a potion of brilliance {unknown}
 o - a potion of might

Dungeon Overview and Level Annotations

Branches:
Dungeon (9/15)             Temple (1/1) D:7
   Lair: D:8-11         Orc: D:9-12

Altars:
Ashenzari
Cheibriados
Dithmenos
Elyvilon
Fedhas
Gozag
Hepliaklqana
Kikubaaqudgha
Nemelex Xobeh
Okawaru
Qazlal
Ru
Sif Muna
Trog
Uskayaw
Wu Jian
Yredelemnul
Zin
The Shining One

Shops:
D:7 (   D:8 (

Annotations:
D:5 1 runed translucent door, Crazy Yiuf


Message History

You shoot a bolt. The bolt barely misses the acid dragon.
The acid dragon spits acid at you. The splash of acid hits you!
You hear a shout!
You shoot a bolt. The bolt hits the acid dragon.
The acid dragon is severely wounded.
The acid dragon spits acid at you. The splash of acid hits you!
The acid corrodes you!
You shoot a bolt. The bolt barely misses the acid dragon.
You shoot a bolt.
The bolt closely misses the acid dragon.
You shoot a bolt.
The bolt completely misses the acid dragon.
The acid dragon closely misses you. The acid dragon misses you.
You shoot a bolt.
The bolt closely misses the acid dragon.
The acid dragon bites you but does no damage.
The acid dragon claws you.
You shoot a bolt.
The bolt closely misses the acid dragon.
The acid dragon spits acid at you. The splash of acid hits you!!
The acid corrodes you! The acid dragon bites you! The acid dragon claws you.
You shoot a bolt. The bolt barely misses the acid dragon.
The acid dragon misses you. The acid dragon completely misses you.
You shoot a bolt.
The bolt closely misses the acid dragon.
The acid dragon spits acid at you. The splash of acid hits you!
8234 ||| READING 2 scrolls of teleportation.
As you read the scroll of teleportation, it crumbles to dust.
You feel strangely unstable. The acid dragon misses you.
The acid dragon closely misses you.
8235 ||| DRINKING potion of heal wounds.
You feel much better. The acid dragon completely misses you.
The acid dragon barely misses you.
You shoot a bolt. The bolt barely misses the acid dragon.
The acid dragon spits acid at you. The splash of acid hits you!!
You die...

....... #.>.#
#..# ....)...
#...# #..#
####...# #..#
#......#
#......#
#......#
#......#
#......#######
+.....@.......
#.....D.....##
#...........#
.............#
...........###
...........#
...........#
...........#


You could see an acid dragon (catching breath, drained).

Vanquished Creatures
  Prince Ribbit (D:5)
  Sigmund (D:2)
  A steam dragon (D:8)
  4 orc warriors
  2 ice beasts
  A black bear (D:7)
  2 sky beasts
  2 ogres
  A centaur (D:6)
  2 kobold brigands (D:7)
  A phantom (D:5)
  Blork the orc (D:5)
  A gnoll sergeant (D:8)
  4 scorpions
  9 killer bees
  2 electric eels (D:6)
  3 howler monkeys (D:7)
  3 jellies
  A gnoll bouda (D:4)
  5 hounds
  3 orc priests
  Terence (D:2)
  3 iguanas
  10 orc wizards
  9 adders
  23 gnolls
  A white imp (D:5)
  An ufetubus (D:6)
  2 worms
  5 dart slugs
  36 orcs
  8 ball pythons
  2 bat zombies (D:7)
  8 endoplasms
  8 giant cockroaches
  5 goblins
  5 hobgoblins
  5 jackals
  4 quokkas
  10 bats
  2 frilled lizards (D:3)
  20 kobolds
  9 rats
  3 rat zombies (D:7)
230 creatures vanquished.

Notes
Turn   | Place    | Note
-------+----------+-------------------------------------------
     0 | D:1      | qw the Minotaur Hexslinger began the quest for the Orb.
     0 | D:1      | Reached XP level 1. HP: 16/16 MP: 1/1
     0 | D:1      | 0 ||| qw: Version: 0.3-a-51-g015441d
     0 | D:1      | 0 ||| qw: Game counter: 4509
     0 | D:1      | 0 ||| qw: Melee chars always use a shield: true
     0 | D:1      | 0 ||| qw: God list: Okawaru
     0 | D:1      | 0 ||| qw: Allow faded altars: false
     0 | D:1      | 0 ||| qw: Do Orc after clearing Dungeon:15 true
     0 | D:1      | 0 ||| qw: Do second Lair branch before Depths: true
     0 | D:1      | 0 ||| qw: Lair rune preference: random
     0 | D:1      | 0 ||| qw: Goals: Normal
     0 | D:1      | 0 ||| PLANNING D:1-11
   160 | D:1      | Reached skill level 3 in Ranged Weapons
   160 | D:1      | Reached XP level 2. HP: 23/23 MP: 2/2
   668 | D:1      | Reached XP level 3. HP: 20/29 MP: 3/3
   800 | D:1      | Found a faded altar of an unknown god.
   958 | D:1      | 958 ||| UPGRADING to +0 ring mail.
   968 | D:1      | 968 ||| DROPPING +0 robe.
   969 | D:1      | 969 ||| UPGRADING to +5 ring of evasion.
   970 | D:1      | 970 ||| READING scroll labelled QONIOBE DECI.
   971 | D:1      | 971 ||| READING 2 scrolls labelled PIWASTR UTOYSM.
   972 | D:1      | 972 ||| READING scroll labelled JUHABI DE ESCH.
   973 | D:1      | 973 ||| READING scroll labelled XEDAKU EPRIVUX.
   974 | D:1      | 974 ||| DRINKING 2 bubbling inky potions.
   975 | D:1      | 975 ||| DROPPING scroll of poison.
  1105 | D:2      | Reached skill level 4 in Ranged Weapons
  1163 | D:2      | Noticed Terence
  1175 | D:2      | Killed Terence
  1176 | D:2      | Reached XP level 4. HP: 24/36 MP: 4/4
  1793 | D:2      | You fall into a shaft and drop 1 floor!
  1829 | D:3      | 1829 ||| READING scroll labelled IFOODE PISOA.
  1830 | D:3      | 1830 ||| READING scroll labelled SURYNIL UDGHE.
  1874 | D:2      | Noticed Sigmund
  1877 | D:2      | 1877 ||| DRINKING potion of curing.
  1877 | D:2      | 1877 ||| (to cure confusion)
  1880 | D:2      | Killed Sigmund
  1881 | D:2      | Reached skill level 6 in Ranged Weapons
  1881 | D:2      | Reached XP level 5. HP: 41/41 MP: 5/5
  1881 | D:2      | Reached XP level 6. HP: 48/48 MP: 6/6
  2000 | D:2      | 2000 ||| READING scroll of brand weapon.
  2000 | D:2      | 2000 ||| BRANDING +2 sling of electrocution.
  2038 | D:2      | 2038 ||| UPGRADING to +1 robe of willpower.
  2463 | D:3      | Reached skill level 3 in Fighting
  2614 | D:3      | 2614 ||| UPGRADING to +2 hat of willpower.
  2619 | D:3      | 2619 ||| READING scroll labelled PIGUIVI XIMIRA.
  2620 | D:3      | 2620 ||| READING scroll labelled KAKATR QOARU.
  2703 | D:3      | 2703 ||| DRINKING 2 fizzy silvery potions.
  2704 | D:3      | 2704 ||| READING 2 scrolls of identify.
  2704 | D:3      | 2704 ||| IDENTIFYING murky black potion
  2705 | D:3      | 2705 ||| DROPPING potion of degeneration.
  2706 | D:3      | 2706 ||| DROPPING potion of invisibility.
  2744 | D:4      | 2744 ||| STAIRDANCE
  2795 | D:4      | 2795 ||| STAIRDANCE
  2831 | D:4      | 2831 ||| STAIRDANCE
  2859 | D:4      | 2859 ||| STAIRDANCE
  2889 | D:4      | 2889 ||| STAIRDANCE
  3268 | D:4      | 3268 ||| Stepping ~*~*~tactically~*~*~ (outnumbered).
  3270 | D:4      | 3270 ||| Stepping ~*~*~tactically~*~*~ (outnumbered).
  3276 | D:4      | 3276 ||| FLEEEEING.
  3279 | D:4      | Reached skill level 7 in Ranged Weapons
  3292 | D:4      | HP: 11/52 [something/puff of flame (10)]
  3295 | D:4      | 3295 ||| DRINKING 2 potions of heal wounds.
  3442 | D:4      | Reached XP level 7. HP: 55/59 MP: 7/7
  3745 | D:4      | 3745 ||| READING scroll labelled FUPAWK OSUVUEN.
  3746 | D:4      | 3746 ||| READING scroll labelled YXEYPT WEZO.
  3749 | D:4      | 3749 ||| READING scroll labelled WUCIOD IBBU.
  3760 | D:5      | Entered Level 5 of the Dungeon
  3762 | D:5      | Reached skill level 8 in Ranged Weapons
  3765 | D:5      | Reached skill level 3 in Dodging
  3869 | D:5      | Noticed Blork the orc
  3870 | D:5      | 3870 ||| FLEEEEING.
  3871 | D:5      | 3871 ||| FLEEEEING.
  3872 | D:5      | 3872 ||| FLEEEEING.
  3873 | D:5      | 3873 ||| FLEEEEING.
  3874 | D:5      | 3874 ||| FLEEEEING.
  3875 | D:5      | 3875 ||| FLEEEEING.
  3883 | D:5      | Killed Blork the orc
  3953 | D:5      | Reached XP level 8. HP: 68/68 MP: 8/8
  3965 | D:5      | Reached skill level 9 in Ranged Weapons
  3965 | D:5      | Noticed Prince Ribbit
  3971 | D:5      | Killed Prince Ribbit
  3972 | D:5      | Reached skill level 6 in Fighting
  4422 | D:5      | Found a runed translucent door.
  4423 | D:5      | Noticed Crazy Yiuf
  4533 | D:5      | Found Zin's Purification Station.
  4533 | D:5      | Found a glowing silver altar of Zin.
  4540 | D:5      | 4540 ||| BUYING potion of curing (90 gold).
  4540 | D:5      | Bought a potion of curing for 90 gold pieces
  4769 | D:5      | 4769 ||| UPGRADING to +2 robe of willpower.
  4779 | D:5      | 4779 ||| DROPPING +1 robe of willpower.
  4780 | D:5      | 4780 ||| DROPPING +0 ring mail.
  4781 | D:5      | 4781 ||| UPGRADING to ring of willpower.
  4844 | D:6      | 4844 ||| PLANNING SEWER
  4887 | D:6      | 4887 ||| Stepping ~*~*~tactically~*~*~ (water).
  5009 | D:6      | Reached skill level 10 in Ranged Weapons
  5261 | D:6      | HP: 17/71 [orc warrior/+0 glaive (19)]
  5262 | D:6      | 5262 ||| DRINKING 2 potions of heal wounds.
  5410 | D:6      | 5410 ||| RIP SEWER
  5411 | D:6      | 5411 ||| PLANNING D:1-11
  5458 | D:6      | 5458 ||| SWAPPING to +0 orcbow.
  5467 | D:6      | Reached XP level 9. HP: 79/79 MP: 9/9
  5467 | D:6      | 5467 ||| DROPPING +2 heavy sling.
  5892 | D:6      | Found a snail-covered altar of Cheibriados.
  5918 | D:6      | 5918 ||| Stepping ~*~*~tactically~*~*~ (water).
  6079 | D:6      | 6079 ||| UPGRADING to +0 pair of gloves.
  6084 | D:6      | 6084 ||| READING scroll labelled IDEPITRUNUL.
  6104 | D:7      | Found a stormy altar of Qazlal.
  6167 | D:7      | Reached skill level 11 in Ranged Weapons
  6231 | D:7      | 6231 ||| Stepping ~*~*~tactically~*~*~ (outnumbered).
  6233 | D:7      | 6233 ||| Stepping ~*~*~tactically~*~*~ (outnumbered).
  6276 | D:7      | 6276 ||| Stepping ~*~*~tactically~*~*~ (outnumbered).
  6282 | D:7      | 6282 ||| Stepping ~*~*~tactically~*~*~ (outnumbered).
  6398 | D:7      | Found Wismeqy's Hydra Hut.
  6404 | D:7      | Noticed a seven-headed hydra
  6407 | D:7      | 6407 ||| BUYING +0 arbalest of freezing (131 gold).
  6407 | D:7      | Bought a +0 arbalest of freezing for 131 gold pieces
  6407 | D:7      | 6407 ||| SHOPLISTING +1 hand crossbow of freezing (172
                  | gold, have 152).
  6407 | D:7      | 6407 ||| SWAPPING to +0 arbalest of freezing.
  6408 | D:7      | 6408 ||| DROPPING +0 orcbow.
  6484 | D:7      | Reached skill level 12 in Ranged Weapons
  6643 | D:7      | Found a staircase to the Ecumenical Temple.
  6644 | D:7      | 6644 ||| PLANNING TEMPLE
  6644 | D:7      | 6644 ||| DRINKING 2 fizzy white potions.
  6653 | Temple   | Entered the Ecumenical Temple
  6655 | Temple   | 6655 ||| PLANNING OKAWARU WORSHIP
  6673 | Temple   | Became a worshipper of Warmaster Okawaru
  6674 | Temple   | 6674 ||| PLANNING D:1-11
  6808 | D:7      | 6808 ||| READING scroll of enchant weapon.
  6808 | D:7      | 6808 ||| ENCHANTING +0 arbalest of freezing.
  6946 | D:7      | Found an ancient bone altar of Kikubaaqudgha.
  7048 | D:8      | 7048 ||| STAIRDANCE
  7148 | D:8      | Identified the +6 sling of Gravity {drain, Int+4 Dex-4}
  7222 | D:8      | Reached skill level 6 in Dodging
  7246 | D:8      | 7246 ||| FLEEEEING.
  7247 | D:8      | 7247 ||| FLEEEEING.
  7423 | D:8      | Found Luoruvy's Weapon Emporium.
  7423 | D:8      | Noticed a +0 demon blade
  7430 | D:8      | Noticed a +0 demon blade
  7438 | D:8      | Reached * piety under Okawaru
  7497 | D:8      | 7497 ||| READING scroll of brand weapon.
  7497 | D:8      | 7497 ||| BRANDING +1 arbalest of freezing.
  7564 | D:8      | Identified the +9 flail "Feggapro" {elec, Dex+3}
  7633 | D:8      | 7633 ||| INVOKING Heroism.
  7635 | D:8      | 7635 ||| Stepping ~*~*~tactically~*~*~ (cloud).
  7645 | D:8      | Reached XP level 10. HP: 25/88 MP: 8/10
  7646 | D:8      | 7646 ||| FLEEEEING.
  7648 | D:8      | 7648 ||| FLEEEEING.
  7649 | D:8      | 7649 ||| FLEEEEING.
  7653 | D:8      | 7653 ||| FLEEEEING.
  7658 | D:8      | 7658 ||| FLEEEEING.
  7659 | D:8      | 7659 ||| FLEEEEING.
  7660 | D:8      | 7660 ||| FLEEEEING.
  7661 | D:8      | 7661 ||| FLEEEEING.
  7662 | D:8      | 7662 ||| FLEEEEING.
  7663 | D:8      | 7663 ||| FLEEEEING.
  7664 | D:8      | 7664 ||| FLEEEEING.
  7665 | D:8      | 7665 ||| FLEEEEING.
  7666 | D:8      | 7666 ||| FLEEEEING.
  7667 | D:8      | 7667 ||| FLEEEEING.
  7668 | D:8      | 7668 ||| FLEEEEING.
  7669 | D:8      | 7669 ||| FLEEEEING.
  7670 | D:8      | 7670 ||| FLEEEEING.
  7671 | D:8      | 7671 ||| FLEEEEING.
  7672 | D:8      | 7672 ||| FLEEEEING.
  7673 | D:8      | 7673 ||| FLEEEEING.
  7674 | D:8      | 7674 ||| FLEEEEING.
  7675 | D:8      | 7675 ||| FLEEEEING.
  7676 | D:8      | 7676 ||| FLEEEEING.
  7677 | D:8      | 7677 ||| FLEEEEING.
  7678 | D:8      | 7678 ||| FLEEEEING.
  7679 | D:8      | 7679 ||| FLEEEEING.
  7680 | D:8      | 7680 ||| FLEEEEING.
  7681 | D:8      | 7681 ||| FLEEEEING.
  7682 | D:8      | 7682 ||| FLEEEEING.
  7683 | D:8      | 7683 ||| FLEEEEING.
  7684 | D:8      | 7684 ||| FLEEEEING.
  7685 | D:8      | 7685 ||| FLEEEEING.
  7686 | D:8      | 7686 ||| FLEEEEING.
  7687 | D:8      | 7687 ||| FLEEEEING.
  7688 | D:8      | 7688 ||| FLEEEEING.
  7689 | D:8      | 7689 ||| FLEEEEING.
  7690 | D:8      | 7690 ||| FLEEEEING.
  7691 | D:8      | 7691 ||| FLEEEEING.
  7692 | D:8      | 7692 ||| FLEEEEING.
  7693 | D:8      | 7693 ||| FLEEEEING.
  7694 | D:8      | 7694 ||| STAIRDANCE
  7828 | D:7      | 7828 ||| UPGRADING to +2 leather armour of willpower.
  7838 | D:7      | 7838 ||| DROPPING +2 robe of willpower.
  7839 | D:7      | 7839 ||| DRINKING 2 green potions.
  7878 | D:7      | 7878 ||| READING 2 scrolls of identify.
  7878 | D:7      | 7878 ||| IDENTIFYING sedimented coppery potion
  7879 | D:7      | 7879 ||| DROPPING potion of attraction.
  7880 | D:7      | 7880 ||| DROPPING potion of lignification.
  8233 | D:9      | HP: 9/88 [acid dragon/splash of acid (16)]
  8234 | D:9      | 8234 ||| READING 2 scrolls of teleportation.
  8235 | D:9      | 8235 ||| DRINKING potion of heal wounds.
  8236 | D:9      | Killed from afar by an acid dragon

Levels and vault maps discovered:
D:1:      kilobyte_arrival_exit_the_forest, layout_basic,
          hellmonk_ecumenical_altar_inner_sanctum, hangedman_decor_growths,
          hangedman_abyss_or_decor_stabs
D:2:      layout_basic, uniq_terence, uniq_sigmund
D:3:      minmay_chambers_of_twos, layout_rooms, nicolae_twisty_statue_hallways
D:4:      layout_gridville, serial_glass, glass_columns_a, glass_columns_a
D:5:      layout_basic, zin_purify, hangedman_decor_clover_reticule,
          corner_web_ring, minmay_misc_feat_plants,
          chequers_serial_rivers_large_b, uniq_prince_ribbit1,
          uniq_crazy_yiuf_cottage, uniq_blork_the_orc
D:6:      layout_cave_pods, cheibriados_altar_1, gup_sewer_entry_bubbles,
          serial_bayou, serial_bayou_lake_a, serial_bayou_pond_d,
          serial_bayou_pond_e, serial_bayou_shore_b
D:7:      layout_basic, lemuel_zombie_altar_kikubaaqudgha,
          nicolae_qazlal_scattered_showers, minmay_temple_entry_butterflies,
          chequers_serial_rivers_micro_d, doesnt_shop_hydraphobe
D:8:      layout_rooms, serial_shops, nicolae_shop_mannequins
D:9:      layout_irregular_city, nicolae_vehumet_radiance
Temple:   hellmonk_temple_two_chambers

Skill      XL: |  1  2  3  4  5  6  7  8  9 |
---------------+----------------------------+-----
Ranged Weapons | 3 4 6 7 8 10 12 | 12.6
Fighting       | 2 4 5 7 8 |  8.0
Armour         | 2 |  2.0
Dodging        | 3 4 6 |  6.1
Spellcasting   | |  1.0
Hexes          | |  2.0
Invocations    | |  0.5

Action                     |  1- 3 |  4- 6 |  7- 9 | 10-12 || total
---------------------------+-------+-------+-------+-------++-------
   Fire: Sling             |   106 |   155 |   139 |       ||   400
         Orcbow            |       |       |   128 |       ||   128
         Arbalest          |       |       |   101 |    16 ||   117
 Invoke: Heroism           |       |       |     1 |       ||     1
    Use: Scroll            |     4 |     6 |     6 |     2 ||    18
         Potion            |     1 |     3 |     2 |     2 ||     8
 Armour: Robe              |     3 |    17 |    39 |       ||    59
         Ring mail         |       |     1 |       |       ||     1
         Leather armour    |       |       |       |     1 ||     1
  Dodge: Dodged            |    36 |    75 |   193 |    12 ||   316

Table legend:
 A = Non-vault XP
 B = Vault XP
 C = Vault XP percentage of total XP
 D = Non-vault monster count
 E = Vault monster count
 F = Vault count percentage of total count
                 A         B        C        D         E       F
            +---------+---------+-------+---------+---------+-------
      Total |    4896 |     687 |  12.3 |     206 |      24 |  10.4
            +---------+---------+-------+---------+---------+-------
        D:1 |      54 |       0 |   0.0 |      29 |       0 |   0.0
        D:2 |      67 |     259 |  79.4 |      16 |       2 |  11.1
        D:3 |      64 |      41 |  39.0 |      18 |       8 |  30.8
        D:4 |     432 |       0 |   0.0 |      33 |       0 |   0.0
        D:5 |     841 |     364 |  30.2 |      18 |       2 |  10.0
        D:6 |    1095 |      16 |   1.4 |      23 |       7 |  23.3
        D:7 |    1151 |       7 |   0.6 |      41 |       5 |  10.9
        D:8 |    1192 |       0 |   0.0 |      28 |       0 |   0.0
            +---------+---------+-------+---------+---------+-------
